 Dungeon Crawl Stone Soup version 0.22.1-5-g62c59d919a (webtiles) character file.

64 Riddle the Skirmisher (level 3, -3/32 HPs)
             Began as a Mummy Chaos Knight on Jan 14, 2019.
             Slain by Robin
             ... wielding a +0 dagger
              (9 damage)
             ... on level 2 of the Dungeon.
             The game lasted 00:04:32 (29453 turns).

Riddle the Skirmisher (Mummy Chaos Knight)         Turns: 29453, Time: 00:04:33

Health: -3/32      AC:  5    Str: 14 (16) XL:     3   Next: 91%
Magic:  3/3        EV: 11    Int: 11      God:    Xom [...*..]
Gold:   133        SH:  0    Dex:  9 (11) Spells: 2/2 levels left

rFire    x . .     SeeInvis .   a - +0 mace (chaos)
rCold    + . .     Gourm    .   (no shield)
rNeg     + + +     Faith    .   b - +2 leather armour
rPois    ∞         Spirit   .   d - +0 hat
rElec    .         Reflect  .   (no cloak)
rCorr    .         Harm     .   (no gloves)
MR       .....                  (no boots)
Stlth    +.........             (no amulet)
HPRegen  0.10/turn              (no ring)
MPRegen  0.08/turn              (no ring)

@: no status effects
A: no food or potions, fire vulnerability, cold resistance 1, negative energy
resistance 3, torment resistance, unbreathing
a: Renounce Religion


You were on level 2 of the Dungeon.
You worshipped Xom.
You were a favourite toy of Xom.
You were not hungry.

You visited 1 branch of the dungeon, and saw 2 of its levels.

You collected 133 gold pieces.

Inventory:

Hand Weapons
 a - a +0 mace of chaos (weapon)
Armour
 b - a +2 leather armour (worn)
 d - a +0 hat (worn)
Scrolls
 c - a scroll of magic mapping {unknown}
 e - a scroll of fog {unknown}
 f - 2 scrolls of remove curse {unknown}
 g - a scroll of amnesia {unknown}


   Skills:
 + Level 4.9 Fighting
 - Level 2.4 Maces & Flails
 - Level 1.5 Armour
 - Level 0.7 Dodging


You had 2 spell levels left.
You didn't know any spells.
Your spell library was empty.

Dungeon Overview and Level Annotations

Branches:
Dungeon (2/15)

Altars:
Fedhas
Xom

Annotations:
D:2 Robin


Innate Abilities, Weirdness & Mutations

You do not eat or drink.
Your flesh is vulnerable to fire.
You are immune to poison.
Your flesh is cold resistant. (rC+)
You are immune to negative energy. (rN+++)
You are immune to unholy pain and torment.
You can survive without breathing.


Message History

Robin is heavily wounded.
Robin hits you with a dagger. The goblin hits you with a dagger.
A goblin comes into view.
Robin barely misses you. The goblin barely misses you. x2
You are too injured to fight recklessly!
You are too injured to fight recklessly!
You thump the goblin! You freeze the goblin.
You kill the goblin!
Robin hits you with a dagger. x2
* * * LOW HITPOINT WARNING * * *
The goblin hits you with a dagger.
* * * LOW HITPOINT WARNING * * *
The goblin hits you but does no damage.
Things that are here:
a club; a goblin corpse Robin hits you but does no damage.
You thump Robin!
Robin is poisoned.
Robin is severely wounded.
Robin hits you with a dagger!
You die...

# #...# #.......###. ....
#####.#.....##. #.##.
#.......###.##. .#.#
#.###.##.....#...... .#
###.# .. .....#
#.......#.##. .##...###..
...# #.........##.
.g.....#.#. #..#
#.....######. .##.##.....
#.#.###.#### #. .. ..! #.
# ##@##..†## ## .# ###..
#.##.##g###.####
.#####..##....)gg.......#
........#####g###.##.##.#
#######. .. ..#.##.##.##
#. .#.##.....# #
#.##.....# #.##.....#
#.......##


You could see Robin (berserk) and 2 goblins.

Vanquished Creatures
  2 adders (D:2)
  A worm (D:2)
  A dart slug (D:1)
  A leopard gecko (D:1)
  4 goblins
  5 hobgoblins
  7 jackals
  6 kobolds
  3 bats (D:1)
  6 frilled lizards (D:1)
  2 rats (D:1)
38 creatures vanquished.

Notes
Turn   | Place    | Note
-------+----------+-------------------------------------------
     0 | D:1      | Riddle the Mummy Chaos Knight began the quest for the Orb.
     0 | D:1      | Reached XP level 1. HP: 18/18 MP: 1/1
   180 | D:1      | Reached XP level 2. HP: 24/24 MP: 2/2
   216 | D:1      | XOM: potion effect (haste)
   342 | D:1      | Reached skill level 4 in Fighting
   752 | D:1      | Reached XP level 3. HP: 30/30 MP: 3/3
   799 | D:1      | XOM: harmless Ice miscast
   976 | D:1      | XOM: harmless Tmut miscast
  1027 | D:2      | Found a blossoming altar of Fedhas.
  1521 | D:1      | XOM: cloud trail
  2339 | D:1      | XOM: silly message
  2931 | D:1      | XOM: divination: detect creatures
  3421 | D:1      | XOM: harmless Chrm miscast
  3751 | D:1      | XOM: mild Conj miscast
  5107 | D:1      | XOM is BORED!
  5107 | D:1      | XOM: mild Conj miscast
  5477 | D:1      | XOM: harmless Erth miscast
  5607 | D:1      | XOM: 2-stop teleportation journey
  6955 | D:1      | XOM: god gift: 30 gold pieces
  7854 | D:1      | XOM is BORED!
  7854 | D:1      | XOM: severe Air miscast
  8142 | D:1      | XOM: god gift: ration
  8625 | D:1      | XOM: divination: detect items
  8744 | D:1      | XOM: harmless Conj miscast
  8772 | D:1      | XOM: mild Necr miscast
  9011 | D:1      | XOM: mild Hex miscast
  9286 | D:1      | XOM: noise
  9527 | D:1      | XOM: harmless Tloc miscast
 10281 | D:1      | XOM: scenery: create altars
 10934 | D:1      | XOM: scenery: create altars
 11128 | D:1      | XOM: harmless Tmut miscast
 11606 | D:1      | XOM: divination: detect creatures
 12023 | D:1      | XOM: scenery: create altars
 12148 | D:1      | XOM: god gift: 3 rations
 12613 | D:1      | XOM: stat loss: -1 Dex (10/11)
 12639 | D:1      | XOM: summons 4 hostile shadow creatures
 12807 | D:1      | XOM: summons 1 hostile demon
 12962 | D:1      | XOM: severe Chrm miscast
 13363 | D:1      | XOM: noise
 13904 | D:1      | XOM is BORED!
 13904 | D:1      | XOM: medium Summ miscast
 13905 | D:1      | Noticed a small abomination
 13995 | D:2      | XOM: summons 1 hostile demon
 14999 | D:1      | XOM: noise
 15552 | D:1      | XOM: mild Conj miscast
 16224 | D:1      | XOM: medium Necr miscast
 16225 | D:1      | Noticed a shadow
 16225 | D:1      | Noticed a shadow
 16619 | D:1      | XOM: scenery: 1 doors open
 16645 | D:1      | XOM: god gift: 29 gold pieces
 16663 | D:1      | XOM: god gift: scroll labeled SYOCLALUEPP {god gift}
 16744 | D:1      | XOM: scenery: 1 doors close
 16907 | D:1      | XOM: scenery: 1 doors open
 18998 | D:1      | XOM: summons 1 hostile demon
 19214 | D:1      | XOM: summons 1 hostile demon
 19629 | D:1      | XOM is BORED!
 19629 | D:1      | XOM: stat loss: -2 Str (13/16)
 20449 | D:1      | XOM: summons 1 hostile demon
 20827 | D:1      | XOM: medium Tloc miscast
 21070 | D:1      | XOM: harmless Ice miscast
 21106 | D:1      | XOM: medium Fire miscast
 21795 | D:1      | XOM: summons 3 hostile shadow creatures
 22902 | D:1      | XOM: silly message
 22961 | D:1      | XOM: summons 1 hostile demon
 23752 | D:1      | XOM: harmless Erth miscast
 23807 | D:1      | XOM is BORED!
 23807 | D:1      | XOM: severe Necr miscast
 25071 | D:1      | XOM: scenery: 1 doors close
 26408 | D:1      | XOM: mild Necr miscast
 26447 | D:1      | XOM: mild Hex miscast
 26858 | D:1      | XOM: medium Hex miscast
 26887 | D:1      | XOM: medium Fire miscast
 27158 | D:1      | XOM: god gift: 46 gold pieces
 28430 | D:1      | XOM: harmless Chrm miscast
 28980 | D:1      | XOM: summons 4 hostile shadow creatures
 29180 | D:2      | XOM: 4-stop teleportation journey
 29440 | D:2      | Noticed Robin
 29453 | D:2      | Slain by Robin

Skill      XL: |  1  2 |
---------------+-------+-----
Fighting       | 4 |  4.9
Maces & Flails | |  2.4
Armour         | |  1.5
Dodging        | |  0.7

Action                   || total
-------------------------++-------
Melee: Mace              ||   132
 Stab: Sleeping          ||     1
Armor: Leather armour    ||    89
Dodge: Dodged            ||   136
